Map: Terrazas de Prion

Players

Maturtle

  • Race: Terran Terran
  • League: Platinum

jomare - Winner!

  • Race: Protoss Protoss
  • League: Platinum

VOD

Have the link to the VOD?

Description

Time

  • Played on: Dec. 1, 2015, 12:50 p.m.
  • Length: 12:49
Show
View Real Time Build Order
Export as new Build Order

Maturtle Terran 

Build Orders: Cyclone Opening, MMM Bio 

Get SALT Encoding   

  12  0:01  SCV  
  13  0:13  SCV  
  14  0:17  Supply Depot  
  14  0:25  SCV  
  15  0:30  Refinery  
  15  0:39  SCV  
  16  0:45  Barracks  
  16  0:51  SCV  
  17  1:03  SCV  
  18  1:12  Supply Depot  
  18  1:15  SCV  
  19  1:32  Orbital Command  
  19  1:34  Factory  
  19  1:37  Marine  
  20  1:48  Refinery  
  20  1:55  Marine  
  20  1:57  SCV  
  22  2:09  SCV  
  23  2:16  Supply Depot  
  23  2:19  Factory Tech Lab, Marine  
  23  2:21  SCV  
  25  2:37  Marine  
  25  2:38  Cyclone  
  29  2:46  SCV  
  30  2:56  Command Center  
  30  2:59  SCV  
  30  3:00  Marine  
  32  3:11  Engineering Bay  
  32  3:17  Cyclone  
  34  3:24  SCV  
  34  3:25  Barracks Reactor  
  35  3:36  SCV  
  36  3:43  Missile Turret  
  34  3:55  Barracks  
  34  3:58  Factory Reactor, Barracks  
  34  4:03  SCV  
  35  4:13  Marine x2  
  35  4:15  SCV  
  35  4:20  Terran Infantry Weapons Level 1  
  34  4:35  Orbital Command  
  34  4:37  Widow Mine, Marine x2  
  37  4:39  Bunker  
  37  4:40  SCV  
  37  4:45  Barracks Reactor  
  38  4:52  SCV  
  39  4:55  Bunker  
  39  4:59  Stimpack  
  37  5:02  SCV  
  37  5:04  SCV  
  39  5:14  SCV  
  40  5:16  SCV  
  40  5:17  Missile Turret  
  40  5:20  Marine x2  
  43  5:21  Marauder  
  43  5:24  Marine  
  46  5:29  Supply Depot  
  46  5:30  SCV  
  46  5:35  Widow Mine x2  
  51  5:37  SCV  
  51  5:42  SCV  
  53  5:47  Starport  
  53  5:49  SCV  
  54  5:54  SCV  
  54  5:55  Supply Depot  
  54  5:56  Marine x2  
  57  6:01  Supply Depot, SCV  
  58  6:06  SCV  
  58  6:07  Marine x2  
  61  6:13  SCV  
  63  6:18  SCV  
  63  6:20  Marine x2  
  63  6:21  Refinery  
  65  6:25  Starport Reactor  
  65  6:26  Starport  
  65  6:30  Marauder  
  65  6:31  Factory Reactor, Marine  
  68  6:33  SCV  
  68  6:38  Supply Depot  
  65  6:55  Liberator x2  
  65  6:56  Marine, Liberator  
  65  6:57  Command Center, Marauder, Marine  
  65  6:58  SCV  
  79  7:18  Marauder  
  79  7:19  Marine x3  
  84  7:23  SCV  
  84  7:26  SCV  
  83  7:33  Marine  
  83  7:35  SCV  
  81  7:38  SCV, Marine  
  81  7:39  Marauder  
  81  7:40  Marine x2, Liberator  
  84  7:50  Marine  
  81  7:55  Marine  
  81  7:58  Marine x2  
  83  8:01  Marauder  
  82  8:08  Marine  
  82  8:10  Refinery  
  83  8:13  Marine  
  83  8:14  SCV x2  
  86  8:25  Missile Turret x2  
  86  8:30  SCV x2  
  86  8:31  Supply Depot x2  
  86  8:32  Combat Shields  
  88  8:37  Barracks  
  88  8:40  Barracks  
  88  8:42  Missile Turret, Marine x2  
  88  8:47  SCV x2  
  92  8:55  Marine  
  88  8:56  Marauder  
  88  8:57  Marine  
  88  9:00  Marine x2  
  68  9:13  Marine  
  68  9:14  Marine  
  63  9:17  Marine  
  63  9:18  Marine x2  
  63  9:22  SCV  
  66  9:25  SCV  
  66  9:31  Marine  
  67  9:32  Marine  
  67  9:35  Marauder  
  67  9:36  Marine x2  
  67  9:37  Liberator  
  68  9:44  Barracks Reactor, Barracks Tech Lab  
  68  9:48  Orbital Command  
  68  9:49  Marine  
  68  9:50  Marine  
  70  9:54  Command Center, Marine  
  70  9:59  Medivac  
  76  10:00  Medivac  
  76  10:03  SCV, Liberator  
  76  10:06  Marine  
  80  10:10  Marauder  
  80  10:11  Concussive Shells  
  82  10:14  SCV  
  82  10:16  SCV  
  87  10:25  Refinery  
  87  10:26  SCV  
  87  10:27  Refinery  
  87  10:28  SCV, Marine  
  90  10:33  Marine x2  
  92  10:38  SCV  
  92  10:40  SCV, Medivac  
  92  10:42  Marauder  
  98  10:44  Marine x4  
  102  10:50  SCV  
  102  10:51  Marine  
  102  10:54  Marine  
  102  10:55  Marine  
  106  11:02  Marauder  
  106  11:04  Marauder  
  110  11:09  Orbital Command  
  110  11:12  Liberator, Marine x3  
  110  11:13  Supply Depot, SCV  
  114  11:22  Marine  
  114  11:24  Marine x2, Marauder  
  109  11:26  Engineering Bay  
  112  11:38  Marauder, Marine x2  
  116  11:44  Marine x2  
  116  11:45  Marauder  
  112  11:49  Marine, Medivac  
  112  11:50  Medivac  
  112  11:53  SCV  
  118  11:59  Armory  
  118  12:00  Marauder  
  118  12:01  Marine x2  
  122  12:07  Marauder  
  127  12:10  Marine x2  
  129  12:21  Marine, Marauder  
  132  12:27  Marine  
  132  12:28  Marauder  
  124  12:31  SCV x3  
Show
View Real Time Build Order
Export as new Build Order

jomare Protoss - Winner!

Build Orders: Oracle Opening 

Get SALT Encoding   

  12  0:02  Probe (Chrono Boost)  
  13  0:12  Probe (Chrono Boost)  
  14  0:18  Pylon  
  14  0:23  Probe (Chrono Boost)  
  15  0:37  Probe (Chrono Boost), Gateway  
  16  0:47  Probe (Chrono Boost)  
  17  0:54  Assimilator  
  17  0:58  Probe (Chrono Boost), Assimilator  
  18  1:08  Probe (Chrono Boost), Pylon  
  19  1:19  Probe (Chrono Boost)  
  20  1:27  Cybernetics Core  
  20  1:29  Probe (Chrono Boost)  
  21  1:40  Probe (Chrono Boost)  
  22  1:50  Probe (Chrono Boost)  
  23  1:56  Pylon  
  23  2:06  Nexus  
  23  2:12  Probe (Chrono Boost)  
  24  2:17  Stargate  
  25  2:22  Probe (Chrono Boost)  
  25  2:36  Probe (Chrono Boost), Warp Gate  
  26  2:37  Stalker  
  28  2:47  Probe (Chrono Boost)  
  28  2:50  Gateway  
  29  2:57  Probe (Chrono Boost)  
  30  3:02  Oracle (Chrono Boost)  
  33  3:15  Probe  
  33  3:17  Probe  
  36  3:27  Mothership Core, Probe  
  36  3:32  Pylon  
  36  3:33  Pylon  
  38  3:38  Stalker  
  38  3:39  Probe  
  41  3:46  Probe  
  42  3:51  Probe  
  43  3:57  Probe  
  43  3:58  Assimilator  
  43  4:00  Stalker  
  43  4:02  Assimilator  
  46  4:03  Probe  
  47  4:14  Stalker  
  49  4:18  Robotics Facility  
  49  4:21  Probe, Pylon  
  49  4:22  Probe  
  51  4:25  Pylon  
  51  4:38  Probe  
  51  4:39  Probe  
  53  4:49  Twilight Council  
  53  4:51  Stalker, Probe x2  
  57  4:54  Pylon  
  57  4:58  Pylon  
  57  5:03  Probe  
  58  5:09  Stalker  
  58  5:10  Probe  
  61  5:15  Pylon  
  61  5:17  Observer, Blink (Chrono Boost)  
  61  5:19  Probe  
  63  5:27  Gateway  
  63  5:28  Probe  
  63  5:29  Gateway  
  63  5:31  Gateway  
  63  5:33  Gateway  
  63  5:34  Probe  
  65  5:38  Probe  
  66  5:42  Pylon  
  66  5:46  Probe  
  67  5:53  Warp Prism (Chrono Boost)  
  69  5:57  Stalker x2  
  69  6:01  Probe  
  74  6:19  Probe  
  75  6:30  Nexus  
  75  6:32  Pylon  
  75  6:35  Stalker x3  
  75  6:36  Stalker x2  
  85  6:41  Probe  
  85  6:43  Observer (Chrono Boost), Robotics Bay  
  85  6:55  Probe  
  85  6:59  Probe  
  87  7:07  Adept  
  87  7:08  Adept x2  
  93  7:10  Adept  
  93  7:13  Probe  
  93  7:14  Resonating Glaives  
  93  7:17  Probe  
  94  7:25  Probe  
  94  7:29  Probe  
  96  7:31  Adept x6  
  104  7:38  Probe  
  83  8:10  Disruptor (Chrono Boost)  
  82  8:14  Adept x6  
  82  8:17  Probe x2  
  82  8:19  Probe  
  96  8:20  Assimilator  
  96  8:24  Assimilator  
  97  8:28  Pylon  
  97  8:29  Pylon  
  97  8:40  Gateway  
  97  8:41  Disruptor (Chrono Boost)  
  100  8:42  Gateway  
  100  8:44  Gateway  
  100  8:46  Stalker x4  
  100  8:47  Stalker, Gateway  
  106  9:00  Stalker  
  98  9:12  Disruptor (Chrono Boost)  
  83  9:22  Stalker x5  
  89  9:38  Probe  
  88  9:46  Dark Shrine  
  88  9:50  Pylon  
  88  9:52  Stalker x6  
  98  9:53  Pylon  
  98  9:54  Pylon  
  98  9:57  Probe  
  101  10:02  Probe  
  101  10:03  Probe  
  101  10:05  Pylon  
  101  10:06  Pylon  
  103  10:12  Probe  
  103  10:13  Probe  
  104  10:16  Colossus (Chrono Boost), Nexus  
  104  10:19  Adept x3  
  104  10:20  Pylon  
  117  10:26  Probe  
  117  10:27  Stalker  
  117  10:28  Stalker  
  122  10:30  Stalker  
  122  10:32  Charge  
  124  10:37  Probe  
  124  10:38  Probe  
  126  10:51  Adept x2  
  130  10:58  Stalker x2  
  130  11:03  Colossus (Chrono Boost)  
  140  11:23  Adept x6  
  140  11:25  Pylon  
  152  11:26  Adept x3  
  152  11:27  Adept  
  159  11:55  Warp Prism (Chrono Boost)  
  159  11:59  Dark Templar x3  
  159  12:00  Dark Templar x2  
  171  12:06  Dark Templar x2  
  175  12:12  Probe  
  175  12:13  Probe, Zealot x2  
  175  12:14  Zealot  
  175  12:15  Probe  
  184  12:18  Assimilator  
  184  12:20  Assimilator  
  170  12:47  Stalker x6  
  170  12:48  Stalker  
Tags
 
Add a new tag
Caveats
  • Supply blocks, unpowered buildings, or Contaminate may cause inaccurate times.
  • Supply counts are checked every 10 seconds.